TOP OF THE 1ST |
Thunder Bay Northern Lions BC batting - Pitching for Atlanta Smoke : RHP Juan Pérez
|
Pitching: RHP Juan Pérez
|
|
Batting: LHB David Smith
|
0-0: Called Strike 0-1: Ball 1-1: Fly out, F5 (Popup, 5L)
|
Batting: RHB Wilfred McLaughlin
|
0-0: Ball 1-0: Ball 2-0: Foul Ball, location: 2F 2-1: Ball 3-1: Called Strike 3-2: Fly out, F9 (Flyball, 9S)
|
Batting: SHB Carlos Rodríguez
|
0-0: Ball 1-0: Called Strike 1-1: Fly out, F7 (Line Drive, 7S)
|
Top of the 1st over - 0 run(s), 0 hit(s), 0 error(s), 0 left on base; Thunder Bay 0 - Atlanta 0 |
BOTTOM OF THE 1ST |
Atlanta Smoke batting - Pitching for Thunder Bay Northern Lions BC : RHP Rafael Cardona
|
Pitching: RHP Rafael Cardona
|
|
Batting: LHB Bernardo Elías
|
0-0: Ball 1-0: Foul Ball, location: 2F 1-1: Swinging Strike 1-2: Strikes out looking
|
Batting: RHB Bartolo Morales
|
0-0: Ball 1-0: Called Strike 1-1: Swinging Strike 1-2: Foul Ball, location: 2F 1-2: Ground out 5-3 (Groundball, 56)
|
Batting: LHB Albert Morán
|
0-0: Ball 1-0: Called Strike 1-1: Foul Ball, location: 2F 1-2: Fly out, F7 (Flyball, 78D)
|
Bottom of the 1st over - 0 run(s), 0 hit(s), 0 error(s), 0 left on base; Thunder Bay 0 - Atlanta 0 |
TOP OF THE 2ND |
Thunder Bay Northern Lions BC batting - Pitching for Atlanta Smoke : RHP Juan Pérez
|
Batting: SHB Terumoto Kurihara
|
0-0: Swinging Strike 0-1: Ball 1-1: Swinging Strike 1-2: Fly out, F7 (Flyball, 7LMF)
|
Batting: RHB Carlos Padilla
|
0-0: Called Strike 0-1: Fly out, F9 (Flyball, 89D)
|
Batting: RHB Barkley B. Cooltimes
|
0-0: Foul Ball, location: 2F 0-1: Ground out 6-3 (Groundball, 6)
|
Top of the 2nd over - 0 run(s), 0 hit(s), 0 error(s), 0 left on base; Thunder Bay 0 - Atlanta 0 |
BOTTOM OF THE 2ND |
Atlanta Smoke batting - Pitching for Thunder Bay Northern Lions BC : RHP Rafael Cardona
|
Batting: RHB Gabriel Maldonado
|
0-0: Ball 1-0: Ground out 6-3 (Groundball, 6)
|
Batting: LHB Ned Durand
|
0-0: Ball 1-0: Called Strike 1-1: Foul Ball, location: 2F 1-2: Ground out 3-1 (Groundball, 34)
|
Batting: RHB Layton Templeman
|
0-0: Ground out 6-3 (Groundball, 6)
|
Bottom of the 2nd over - 0 run(s), 0 hit(s), 0 error(s), 0 left on base; Thunder Bay 0 - Atlanta 0 |
TOP OF THE 3RD |
Thunder Bay Northern Lions BC batting - Pitching for Atlanta Smoke : RHP Juan Pérez
|
Batting: RHB António Mendoza
|
0-0: Ball 1-0: Ball 2-0: Called Strike 2-1: Foul Ball, location: 2F 2-2: Foul Ball, location: 2F 2-2: Fly out, F7 (Flyball, 7)
|
Batting: SHB Arnold Griffith
|
0-0: Called Strike 0-1: Foul Ball, location: 2F 0-2: Ball 1-2: Ground out 4-3 (Groundball, 4)
|
Batting: SHB Orlando Miranda
|
0-0: Ball 1-0: Swinging Strike 1-1: Ball 2-1: Ball 3-1: Foul Ball, location: 2F 3-2: Strikes out looking
|
Top of the 3rd over - 0 run(s), 0 hit(s), 0 error(s), 0 left on base; Thunder Bay 0 - Atlanta 0 |
BOTTOM OF THE 3RD |
Atlanta Smoke batting - Pitching for Thunder Bay Northern Lions BC : RHP Rafael Cardona
|
Batting: RHB Pedro Morales
|
0-0: Ball 1-0: Swinging Strike 1-1: Ball 2-1: Ground out 6-3 (Groundball, 6)
|
Batting: RHB Gerardo Castillo
|
0-0: SINGLE (Groundball, 56D)
|
Batting: RHB Travis Newsome
|
0-0: Called Strike 0-1: Ball 1-1: Foul Ball, location: 2F 1-2: Ball 2-2: Foul Ball, location: 2F 2-2: Ball 3-2: Strikes out swinging
|
Batting: LHB Bernardo Elías
|
0-0: Ball 1-0: Called Strike 1-1: SINGLE (Groundball, 34S) (infield hit) Gerardo Castillo to second
|
Batting: RHB Bartolo Morales
|
0-0: Ball 1-0: Ball 2-0: Ball 3-0: Base on Balls Gerardo Castillo to third Bernardo Elías to second
|
Batting: LHB Albert Morán
|
0-0: Foul Ball, location: 2F 0-1: Ball 1-1: Foul Ball, location: 2F 1-2: Fielders Choice at 2nd, 5-4 (Groundball, 56)
|
Bottom of the 3rd over - 0 run(s), 2 hit(s), 0 error(s), 2 left on base; Thunder Bay 0 - Atlanta 0 |
TOP OF THE 4TH |
Thunder Bay Northern Lions BC batting - Pitching for Atlanta Smoke : RHP Juan Pérez
|
Batting: LHB David Smith
|
0-0: Ball 1-0: Ball 2-0: Ball 3-0: Called Strike 3-1: Base on Balls
|
Batting: RHB Wilfred McLaughlin
|
0-0: Called Strike 0-1: Hit by Pitch David Smith to second
|
Batting: SHB Carlos Rodríguez
|
0-0: Ball 1-0: Fly out, F8 (Flyball, 8LM)
|
Batting: SHB Terumoto Kurihara
|
0-0: Ball 1-0: Called Strike 1-1: Fly out, F8 (Flyball, 8RD) Runner from 2nd tags up, SAFE at 3rd, no throw
|
Batting: RHB Carlos Padilla
|
0-0: Ball 1-0: Ball 2-0: Called Strike 2-1: Foul Ball, location: 2F 2-2: Ball 3-2: Foul Ball, location: 2F 3-2: Fly out, F8 (Line Drive, 8RM)
|
Top of the 4th over - 0 run(s), 0 hit(s), 0 error(s), 2 left on base; Thunder Bay 0 - Atlanta 0 |
BOTTOM OF THE 4TH |
Atlanta Smoke batting - Pitching for Thunder Bay Northern Lions BC : RHP Rafael Cardona
|
Batting: RHB Gabriel Maldonado
|
0-0: Fly out, F9 (Flyball, 89S)
|
Batting: LHB Ned Durand
|
0-0: Ball 1-0: SINGLE (Flyball, 8RS)
|
Batting: RHB Layton Templeman
|
0-0: Fly out, F4 (Popup, 4D)
|
Batting: RHB Pedro Morales
|
0-0: Swinging Strike 0-1: Ball 1-1: Ball 2-1: Fielders Choice at 2nd, 5-4 (Groundball, 5)
|
Bottom of the 4th over - 0 run(s), 1 hit(s), 0 error(s), 0 left on base; Thunder Bay 0 - Atlanta 0 |
TOP OF THE 5TH |
Thunder Bay Northern Lions BC batting - Pitching for Atlanta Smoke : RHP Juan Pérez
|
Batting: RHB Barkley B. Cooltimes
|
0-0: Ball 1-0: Swinging Strike 1-1: Fly out, F8 (Flyball, 8RD)
|
Batting: RHB António Mendoza
|
0-0: Ball 1-0: Swinging Strike 1-1: Ball 2-1: Foul Ball, location: 2F 2-2: Strikes out swinging
|
Batting: SHB Arnold Griffith
|
0-0: SINGLE (Groundball, 4M) (infield hit)
|
Batting: SHB Orlando Miranda
|
0-0: Called Strike 0-1: Ball 1-1: Ball 2-1: Fly out, F8 (Flyball, 8RM)
|
Top of the 5th over - 0 run(s), 1 hit(s), 0 error(s), 1 left on base; Thunder Bay 0 - Atlanta 0 |
BOTTOM OF THE 5TH |
Atlanta Smoke batting - Pitching for Thunder Bay Northern Lions BC : RHP Rafael Cardona
|
Batting: RHB Gerardo Castillo
|
0-0: Called Strike 0-1: Ground out 6-3 (Groundball, 6)
|
Batting: RHB Travis Newsome
|
0-0: Ground out 6-3 (Groundball, 6S)
|
Batting: LHB Bernardo Elías
|
0-0: Called Strike 0-1: Fly out, F8 (Flyball, 78M)
|
Bottom of the 5th over - 0 run(s), 0 hit(s), 0 error(s), 0 left on base; Thunder Bay 0 - Atlanta 0 |
TOP OF THE 6TH |
Thunder Bay Northern Lions BC batting - Pitching for Atlanta Smoke : RHP Juan Pérez
|
Batting: LHB David Smith
|
0-0: Swinging Strike 0-1: Fly out, F8 (Line Drive, 8RM)
|
Batting: RHB Wilfred McLaughlin
|
0-0: Fly out, F9 (Flyball, 9S)
|
Batting: SHB Carlos Rodríguez
|
0-0: Foul Ball, location: 2F 0-1: Called Strike 0-2: SINGLE (Flyball, 7LS)
|
Batting: SHB Terumoto Kurihara
|
0-0: Called Strike 0-1: Swinging Strike 0-2: Ball 1-2: Strikes out swinging
|
Top of the 6th over - 0 run(s), 1 hit(s), 0 error(s), 1 left on base; Thunder Bay 0 - Atlanta 0 |
BOTTOM OF THE 6TH |
Atlanta Smoke batting - Pitching for Thunder Bay Northern Lions BC : RHP Rafael Cardona
|
Batting: RHB Bartolo Morales
|
0-0: Ball 1-0: Called Strike 1-1: Foul Ball, location: 2F 1-2: Fly out, F8 (Line Drive, 78M)
|
Batting: LHB Albert Morán
|
0-0: Called Strike 0-1: Ball 1-1: Ground out 6-3 (Groundball, 6S)
|
Batting: RHB Gabriel Maldonado
|
0-0: Ball 1-0: Ball 2-0: Ball 3-0: Base on Balls
|
Batting: LHB Ned Durand
|
0-0: Ball 1-0: Foul Ball, location: 2F 1-1: Fielders Choice at 2nd, 5-4 (Groundball, 56)
|
Bottom of the 6th over - 0 run(s), 0 hit(s), 0 error(s), 0 left on base; Thunder Bay 0 - Atlanta 0 |
TOP OF THE 7TH |
Thunder Bay Northern Lions BC batting - Pitching for Atlanta Smoke : RHP Juan Pérez
|
Batting: RHB Carlos Padilla
|
0-0: Ball 1-0: Ball 2-0: DOUBLE (Flyball, 8RXD)
|
Batting: RHB Barkley B. Cooltimes
|
0-0: Foul Ball, location: 2F 0-1: Swinging Strike 0-2: Ball 1-2: Ball 2-2: Fly out, F4 (Line Drive, 4)
|
Batting: RHB António Mendoza
|
0-0: Intentional Walk
|
Batting: SHB Arnold Griffith
|
0-0: Called Strike 0-1: Ball 1-1: Swinging Strike 1-2: Foul Ball, location: 2F 1-2: Ball 2-2: Foul Ball, location: 2F 2-2: SINGLE (Line Drive, 78S) Carlos Padilla to third António Mendoza to second Runner from 3rd tries for Home, SAFE, throw made home António Mendoza to third Arnold Griffith to second
|
Pinch Hitting: RHB Adrian Smith
|
0-0: Called Strike 0-1: Ball 1-1: Foul Ball, location: 2F 1-2: Strikes out swinging
|
Batting: LHB David Smith
|
0-0: Hit by Pitch
|
Batting: RHB Wilfred McLaughlin
|
0-0: Fielders Choice at 2nd, U4 (Groundball, 4M)
|
Top of the 7th over - 1 run(s), 2 hit(s), 0 error(s), 3 left on base; Thunder Bay 1 - Atlanta 0 |
TOP OF THE 8TH |
Thunder Bay Northern Lions BC batting - Pitching for Atlanta Smoke : RHP Juan Pérez
|
Batting: SHB Carlos Rodríguez
|
0-0: Ball 1-0: Ball 2-0: Ball 3-0: Called Strike 3-1: Ground out 4-3 (Groundball, 34)
|
Batting: SHB Terumoto Kurihara
|
0-0: Foul Ball, location: 2F 0-1: Ball 1-1: Ground out 4-3 (Groundball, 4)
|
Batting: RHB Carlos Padilla
|
0-0: Called Strike 0-1: Fly out, F4 (Line Drive, 4)
|
Top of the 8th over - 0 run(s), 0 hit(s), 0 error(s), 0 left on base; Thunder Bay 1 - Atlanta 3 |
BOTTOM OF THE 8TH |
Atlanta Smoke batting - Pitching for Thunder Bay Northern Lions BC : RHP Mauro Guerra
|
Batting: RHB Layton Templeman
|
0-0: Called Strike 0-1: Foul Ball, location: 2F 0-2: Strikes out looking
|
Batting: RHB Pedro Morales
|
0-0: Swinging Strike 0-1: Ball 1-1: Foul Ball, location: 2F 1-2: Fly out, F6 (Popup, 6)
|
Batting: RHB Gerardo Castillo
|
0-0: Ball 1-0: Called Strike 1-1: DOUBLE (Line Drive, 89D)
|
Batting: RHB Travis Newsome
|
0-0: Called Strike 0-1: Ground out 6-3 (Groundball, 6)
|
Bottom of the 8th over - 0 run(s), 1 hit(s), 0 error(s), 1 left on base; Thunder Bay 1 - Atlanta 3 |
TOP OF THE 9TH |
Thunder Bay Northern Lions BC batting - Pitching for Atlanta Smoke : RHP Juan Pérez
|
Batting: RHB Barkley B. Cooltimes
|
0-0: Called Strike 0-1: Hit by Pitch
|
Pitching: RHP Iván García
|
|
Batting: RHB António Mendoza
|
0-0: Called Strike 0-1: Foul Ball, location: 2F 0-2: Ball 1-2: Foul Ball, location: 2F 1-2: Ball 2-2: Strikes out swinging
|
Batting: SHB Arnold Griffith
|
0-0: Ball 1-0: Ball 2-0: Swinging Strike 2-1: SINGLE (Groundball, 6D) Barkley B. Cooltimes to second
|
Pinch Hitting: LHB Cole Thrash
|
0-0: Foul Ball, location: 2F 0-1: Swinging Strike 0-2: Ball 1-2: Ball 2-2: Strikes out looking
|
Batting: LHB David Smith
|
0-0: Called Strike 0-1: Ball 1-1: Swinging Strike 1-2: Foul Ball, location: 2F 1-2: Fly out, F3 (Popup, 3L)
|
Top of the 9th over - 0 run(s), 1 hit(s), 0 error(s), 2 left on base; Thunder Bay 1 - Atlanta 3 |
|